 Dungeon Crawl Stone Soup version 0.17-a0-1954-g0dddeaa (webtiles) character file.

174488 Gorice the Tortoise (level 17, 0/133 HPs)
             Began as a Mummy Wanderer on Oct 3, 2015.
             Was an Initiate of Gozag.
             Slain by an entropy weaver (4 damage)
             ... on level 3 of the Spider Nest on Oct 4, 2015.
             The game lasted 04:59:59 (57367 turns).

Gorice the Tortoise (Mummy Wanderer)               Turns: 57367, Time: 05:00:00

Health: 0/133      AC:  8    Str: 25    XL:     17   Next: 45%
Magic:  0/20       EV: 19    Int: 11    God:    Gozag
Gold:   7290       SH:  0    Dex: 27    Spells: 0 memorised, 16 levels left

rFire  . . .     SeeInvis +     a - +6 battleaxe (freeze)
rCold  + + .     Clarity  .     M - +3 chain mail {rF+}
rNeg   + + +     SustAt   .     (no shield)
rPois  ∞         Gourm    .     d - +2 hat of the Bear Spirit {Spirit, +Rage rN+ MR++}
rElec  .         Spirit   +     m - +0 cloak {MR+}
rCorr  .         Warding  +     v - +1 pair of gloves {archery}
rMut   .         Stasis   .     w - +0 pair of boots
MR     +++++                    L - amulet of Charity {Ward rC+ rN+ Int+2 Dex+6 Stlth-}
Stlth  ..........               K - ring of the Elephant {MR+ Str+6 Int-2 Dex+6}
                                i - ring of see invisible

@: confused, corroded equipment, almost entirely resistant to hostile
enchantments, extremely unstealthy
A: no food or potions, fire vulnerability, cold resistance 1, negative energy
resistance 3, torment resistance, unbreathing, in touch with death 1, restore
body
a: Self-Restoration, Potion Petition, Call Merchant, Bribe Branch, Renounce
Religion


You were on level 3 of the Spider Nest.
You worshipped Gozag.
Gozag was noncommittal.
You were not hungry.

You visited 6 branches of the dungeon, and saw 34 of its levels.
You also visited: Labyrinth, Bailey and Volcano.

You collected 15480 gold pieces.
You spent 2123 gold pieces at shops.
You paid 6067 gold pieces to Gozag.

Inventory:

Hand weapons
 a - a +6 battleaxe of freezing (weapon)
   (You took it off Rupert on level 15 of the Dungeon)
 b - a +3 longbow of flaming
   (You took it off Nessos on level 12 of the Dungeon)
 e - a +3 battleaxe of electrocution
   (You found it in a bailey)
 f - the +8 flail "Igagry" {flame, rC+ Dex+2 Stlth+}
   (You found it on level 10 of the Dungeon)

   It has been specially enchanted to burn those struck by it, causing extra
   injury to most foes and up to half again as much damage against particularly
   susceptible opponents.
   It affects your dexterity (+2).
   It protects you from cold.
   It makes you more stealthy.
 B - a +5 blowgun
Missiles
 h - 7 curare-tipped needles
 k - 19 javelins (quivered)
 u - 247 arrows
 y - 19 poisoned arrows
 Z - 32 arrows of dispersal
Armour
 d - the +2 hat of the Bear Spirit (worn) {Spirit, +Rage rN+ MR++}
   (You bought it in a shop on level 13 of the Dungeon)

   It protects you from negative energy.
   It affects your resistance to hostile enchantments.
   It lets you go berserk.
 m - a +0 cloak of magic resistance (worn)
   (You bought it in a shop on level 13 of the Dungeon)
 v - a +1 pair of gloves of archery (worn)
   (You bought it in a shop on level 13 of the Dungeon)
 w - a +0 pair of boots (worn)
 M - a +3 chain mail of fire resistance (worn)
   (You bought it in a shop on level 4 of the Orcish Mines)
Rods
 T - a +3 rod of the swarm (9/9) {!a}
   (You found it in a labyrinth)
 U - a +1 rod of ignition (14/14) {!a}
   (You found it in a labyrinth)
Jewellery
 i - a ring of see invisible (left hand)
 t - an uncursed ring of flight
 x - an uncursed ring of teleportation
 F - an uncursed ring of protection from fire
 K - the ring of the Elephant (right hand) {MR+ Str+6 Int-2 Dex+6}
   (You found it on level 10 of the Dungeon)

   [ring of protection from magic]

   It affects your strength (+6).
   It affects your intelligence (-2).
   It affects your dexterity (+6).
   It affects your resistance to hostile enchantments.
 L - the amulet of Charity (around neck) {Ward rC+ rN+ Int+2 Dex+6 Stlth-}
   (You found it in a labyrinth)

   [amulet of warding]

   It may prevent the melee attacks of summoned creatures.
   It affects your intelligence (+2).
   It affects your dexterity (+6).
   It protects you from cold.
   It protects you from negative energy.
   It makes you less stealthy.
 P - an uncursed ring of sustain attributes
 W - an uncursed amulet of resist mutation
Magical devices
 c - a wand of disintegration (4)
 g - a wand of polymorph (8)
 r - a wand of fire (9)
 z - a wand of fireball (6)
 D - a wand of cold (1)
 E - a wand of teleportation (4) {!d}
 G - a wand of paralysis (12)
 H - a wand of hasting (8) {!d}
 J - a wand of draining (6)
 N - a wand of draining (8)
 Y - a wand of invisibility (3)
Scrolls
 j - a scroll of torment {!r}
 l - 6 scrolls of teleportation {!r}
 n - a scroll of enchant armour
 o - 10 scrolls of remove curse
 p - a scroll of fog
 q - 11 scrolls of identify
 s - 6 scrolls of magic mapping {!r}
 A - a scroll of acquirement {!r}
 C - 2 scrolls of fear {!r}
 S - a scroll of summoning {!r}
Miscellaneous
 I - a lamp of fire


   Skills:
 - Level 12.0 Fighting
 - Level 12.0(14.0) Axes
 - Level 12.2(14.0) Maces & Flails
 - Level 1.0 Throwing
 - Level 15.2 Armour
 + Level 10.2 Dodging
 - Level 1.0 Stealth
 + Level 5.3 Evocations


You had 16 spell levels left.
You didn't know any spells.

Dungeon Overview and Level Annotations

Branches:
Dungeon (15/15)            Temple (1/1) D:4            Lair (8/8) D:9
  Swamp (3/4) Lair:6       Spider (3/4) Lair:5        Slime (0/6) Lair:7
    Orc (4/4) D:10            Elf (0/3) Orc:3        Vaults (0/5) D:13
 Depths (0/5) D:15

Altars:
Ashenzari
Cheibriados
Dithmenos
Elyvilon
Fedhas
Gozag
Kikubaaqudgha
Makhleb
Nemelex Xobeh
Okawaru
Qazlal
Ru
Sif Muna
Trog
Vehumet
Xom
Yredelemnul
Zin
The Shining One
Beogh

Shops:
D:11 (}*[!   D:13 [%   D:14 (   D:15 *   Orc:2 [   Orc:4 *:[!   Vaults:1 (

Portals:
Trove: D:12 (give +6 demon whip)


Innate Abilities, Weirdness & Mutations

You do not eat or drink.
Your flesh is vulnerable to fire.
You are immune to poison.
Your flesh is cold resistant.
You are immune to negative energy.
You are immune to unholy pain and torment.
You can survive without breathing.
You are in touch with the powers of death.
You can restore your body by infusing magical energy.


Message History

The entropy weaver barely misses you. The entropy weaver hits you!
* * * LOW HITPOINT WARNING * * *
The entropy weaver completely misses you.
The entropy weaver hits you.
* * * LOW HITPOINT WARNING * * *
The tarantella closely misses you.
Damage: 9 (max 24)
You miss the tarantella.
The tarantella is heavily wounded.
You hit the entropy weaver. You freeze the entropy weaver.
The entropy weaver is lightly wounded.
You hit the tarantella but do no damage.
The tarantella is heavily wounded.
The tarantella closely misses you. The entropy weaver misses you.
The entropy weaver hits you but does no damage.
The entropy weaver hits you.
* * * LOW HITPOINT WARNING * * *
The entropy weaver misses you. The tarantella bites you!
* * * LOW HITPOINT WARNING * * *
You are more confused.
The tarantella closely misses you.
Damage: 11 (max 24) Unknown command.
Unknown command.
You're too confused!
Evoke which item? (* to show all) (? for menu, Esc to quit)
Zapping:
E - a wand of teleportation (5) {!d}
Press: ? - help, Shift-Dir - straight line, f - you The tarantella struggles to resist.
This wand has 4 charges left.
The tarantella misses you. The tarantella bites you.
* * * LOW HITPOINT WARNING * * *
The entropy weaver hits you!
* * * LOW HITPOINT WARNING * * *
The entropy weaver hits you but does no damage.
The entropy weaver misses you.
The entropy weaver hits you but does no damage.
The tarantella misses you.
Damage: 11 (max 24) Unknown command.
Unknown command.
Evoke which item? (* to show all) (? for menu, Esc to quit)
Zapping:
Y - a wand of invisibility (will waste charges)
Press: ? - help, Shift-Dir - straight line, f - you Nothing appears to happen.
Evoking this partially-identified wand wasted a few charges.
The tarantella closely misses you. The entropy weaver hits you.
* * * LOW HITPOINT WARNING * * *
The entropy weaver hits you.
You die...
Your body crumbles into a pile of gold.

###### ## # .# ####
#######.#..# .### .# #.###..#
#.#.##....####...#..#
#.##....
#....#.......#......# ###.#
#..###...##.............#
#^#.#
#..#.#...@..##..#....#...#
##>..####...##.pss=#####..#^#
.
#.....#...............#..####
#.#...#....#....#.#...#..^
###!..#...##.##########..#
#.#..$...##### #^..
.....÷.^..# ##.. .....#.#..#
#.. .....######


You could see an entropy weaver and 2 tarantellas.

Vanquished Creatures
  Saint Roka (Orc:4)
  Rupert (D:15)
  Agnes (D:14)
  Kirke (Spider:3)
  2 frost giants (D:9)
  3 emperor scorpions
  A caustic shrike skeleton (D:15)
  Nessos (D:12)
  Azrael (D:13)
  A minotaur (Lab)
  An entropy weaver (Spider:3)
  Josephine (Lair:5)
  An ice dragon (D:9)
  2 ogre magi
  16 hydras
  Erica (D:8)
  A catoblepas (Lair:7)
  Erolcha (Orc:2)
  4 alligators
  A tengu warrior (D:15)
  5 orc high priests (Orc:4)
  Urug (Lair:4)
  A vampire mage (D:15)
  3 death yaks
  Sonja (Lair:2)
  Nergalle (Lair:2)
  A spriggan druid (Swamp:3)
  2 skeletal warriors (D:15)
  4 unseen horrors
  A shambling mangrove (Swamp:2)
  An ice statue (D:9)
  2 swamp dragons
  A necromancer (D:15)
  3 hill giants
  7 orc sorcerers (Orc:4)
  4 orc knights
  A wolf spider zombie (D:13)
  6 orb spiders
  A harpy (shapeshifter) (D:15)
  2 manticores
  3 griffons
  12 ugly things
  A salamander (Lair:8)
  16 elephants
  17 wolf spiders
  4 cyclopes
  2 hornets
  2 fire giant skeletons (D:15)
  3 black mambas
  4 molten gargoyles (D:13)
  A gargoyle (D:15)
  3 torpor snails
  16 spiny frogs
  A spriggan skeleton (D:15)
  11 demonic crawlers
  8 komodo dragons
  3 fire drakes
  A redback zombie (D:15)
  A kobold demonologist (D:14)
  An efreet (D:15)
  A freezing wraith (D:14)
  14 jumping spiders
  5 giant leeches
  2 trapdoor spider zombies (D:13)
  6 trolls
  11 polar bears
  Grinder (D:4)
  A raiju (Lair:8)
  5 bog bodies
  5 blink frogs
  22 slime creatures
  3 boulder beetles
  10 two-headed ogres
  A hornet zombie (D:12)
  11 trapdoor spiders
  3 water elementals (D:13)
  21 redbacks
  4 shadows
  5 spriggans
  3 fire elementals (D:13)
  A deep elf mage (D:12)
  3 basilisks
  2 hogs
  11 tarantellas
  5 wyverns
  2 fire bats (Volcano)
  2 hungry ghosts
  4 wraiths
  8 vampire mosquitoes
  76 yaks
  A mottled dragon (D:14)
  3 deep elf fighters (Volcano)
  10 wargs
  14 hippogriffs
  12 swamp worms
  A human (D:7)
  26 wolves
  4 insubstantial wisps (Swamp:2)
  4 hell hounds
  55 orc warriors
  The ghost of cireshan the Conjurer, an average DECj of the Shining One (D:4)
  17 water moccasins
  14 porcupines
  11 spiders
  4 swamp drakes
  14 black bears
  30 ice beasts
  2 wasps
  A phantom (D:10)
  2 sky beasts
  4 necrophages
  13 centaurs
  2 big kobolds
  32 ogres
  10 crocodiles
  A gnoll sergeant (D:10)
  19 giant frogs
  A wyvern zombie (D:12)
  7 scorpions
  2 water moccasin zombies
  10 killer bees
  9 wights
  10 electric eels
  7 crimson imps
  A centaur zombie (D:12)
  A wasp zombie (D:9)
  2 giant frog zombies
  19 hounds
  17 jellies
  3 giant frog skeletons
  33 orc priests
  48 orc wizards
  9 iguanas
  A killer bee zombie (D:8)
  12 worker ants
  26 sheep
  A hound zombie (D:6)
  2 hound skeletons
  A worker ant zombie (D:6)
  19 gnolls
  23 adders
  65 river rats
  2 shadow imps
  2 oozes
  An adder skeleton (D:9)
  2 adder zombies
  A worm (D:3)
  6 giant geckos
  324 orcs
  4 giant cockroaches
  20 goblins
  6 hobgoblins
  19 jackals
  25 kobolds
  5 quokkas
  4 ball pythons
  8 bats
  2 giant gecko zombies (D:1)
  6 giant newts
  2 goblin zombies (D:4)
  5 hobgoblin zombies (D:4)
  An orc skeleton (D:4)
  2 orc zombies (D:4)
  A quokka skeleton (D:6)
  8 rats
  3 plants
1543 creatures vanquished.

Vanquished Creatures (others)
  An orc high priest (Orc:4)
  Maurice (D:9)
  A deep elf fighter (Volcano)
  4 humans (Spider:3)
  A goblin (D:3)
  A rat (D:3)
  31 fungi
  52 plants
92 creatures vanquished.

Grand Total: 1635 creatures vanquished

Notes
Turn   | Place    | Note
--------------------------------------------------------------
     0 | D:1      | Gorice the Mummy Wanderer began the quest for the Orb.
     0 | D:1      | Gorice set off with: a +2 hand axe, a scroll of teleportation {!r}, a +0 ring mail, a !bad item (cl:100,ty:0,pl:0,pl2:0,sp:0,qu:0), a !bad item (cl:100,ty:0,pl:0,pl2:0,sp:0,qu:0), a !bad item (cl:100,ty:0,pl:0,pl2:0,sp:0,qu:0), a !bad item (cl:100,ty:0,pl:0,pl2:0,sp:0,qu:0), a !bad item (cl:100,ty:0,pl:0,pl2:0,sp:0,qu:0), a !bad item (cl:100,ty:0,pl:0,pl2:0,sp:0,qu:0), a !bad item (cl:100,ty:0,pl:0,pl2:0,sp:0,qu:0), a !bad item (cl:100,ty:0,pl:0,pl2:0,sp:0,qu:0), a !bad item (cl:100,ty:0,pl:0,pl2:0,sp:0,qu:0), a !bad item (cl:100,ty:0,pl:0,pl2:0,sp:0,qu:0), a !bad item (cl:100,ty:0,pl:0,pl2:0,sp:0,qu:0), a !bad item (cl:100,ty:0,pl:0,pl2:0,sp:0,qu:0), a !bad item (cl:100,ty:0,pl:0,pl2:0,sp:0,qu:0), a !bad item (cl:100,ty:0,pl:0,pl2:0,sp:0,qu:0), a !bad item (cl:100,ty:0,pl:0,pl2:0,sp:0,qu:0), a !bad item (cl:100,ty:0,pl:0,pl2:0,sp:0,qu:0), a !bad item (cl:100,ty:0,pl:0,pl2:0,sp:0,qu:0), a !bad item (cl:100,ty:0,pl:0,pl2:0,sp:0,qu:0), a !bad item (cl:100,ty:0,pl:0,pl2:0,sp:0,qu:0), a !bad item (cl:100,ty:0,pl:0,pl2:0,sp:0,qu:0), a !bad item (cl:100,ty:0,pl:0,pl2:0,sp:0,qu:0), a !bad item (cl:100,ty:0,pl:0,pl2:0,sp:0,qu:0), a !bad item (cl:100,ty:0,pl:0,pl2:0,sp:0,qu:0), a !bad item (cl:100,ty:0,pl:0,pl2:0,sp:0,qu:0), a !bad item (cl:100,ty:0,pl:0,pl2:0,sp:0,qu:0), a !bad item (cl:100,ty:0,pl:0,pl2:0,sp:0,qu:0), a !bad item (cl:100,ty:0,pl:0,pl2:0,sp:0,qu:0), a !bad item (cl:100,ty:0,pl:0,pl2:0,sp:0,qu:0), a !bad item (cl:100,ty:0,pl:0,pl2:0,sp:0,qu:0), a !bad item (cl:100,ty:0,pl:0,pl2:0,sp:0,qu:0), a !bad item (cl:100,ty:0,pl:0,pl2:0,sp:0,qu:0), a !bad item (cl:100,ty:0,pl:0,pl2:0,sp:0,qu:0), a !bad item (cl:100,ty:0,pl:0,pl2:0,sp:0,qu:0), a !bad item (cl:100,ty:0,pl:0,pl2:0,sp:0,qu:0), a !bad item (cl:100,ty:0,pl:0,pl2:0,sp:0,qu:0), a !bad item (cl:100,ty:0,pl:0,pl2:0,sp:0,qu:0), a !bad item (cl:100,ty:0,pl:0,pl2:0,sp:0,qu:0), a !bad item (cl:100,ty:0,pl:0,pl2:0,sp:0,qu:0), a !bad item (cl:100,ty:0,pl:0,pl2:0,sp:0,qu:0), a !bad item (cl:100,ty:0,pl:0,pl2:0,sp:0,qu:0), a !bad item (cl:100,ty:0,pl:0,pl2:0,sp:0,qu:0), a !bad item (cl:100,ty:0,pl:0,pl2:0,sp:0,qu:0), a !bad item (cl:100,ty:0,pl:0,pl2:0,sp:0,qu:0), a !bad item (cl:100,ty:0,pl:0,pl2:0,sp:0,qu:0), a !bad item (cl:100,ty:0,pl:0,pl2:0,sp:0,qu:0), a !bad item (cl:100,ty:0,pl:0,pl2:0,sp:0,qu:0), a !bad item (cl:100,ty:0,pl:0,pl2:0,sp:0,qu:0), a !bad item (cl:100,ty:0,pl:0,pl2:0,sp:0,qu:0), a !bad item (cl:100,ty:0,pl:0,pl2:0,sp:0,qu:0)
     0 | D:1      | Reached XP level 1. HP: 18/18 MP: 1/1
   346 | D:1      | Reached XP level 2. HP: 24/24 MP: 2/2
   867 | D:1      | Reached skill level 2 in Axes
   867 | D:1      | Reached XP level 3. HP: 24/29 MP: 3/3
  1170 | D:2      | Reached XP level 4. HP: 35/37 MP: 4/4
  1606 | D:2      | Reached skill level 4 in Fighting
  1818 | D:3      | Found a radiant altar of Vehumet.
  1936 | D:3      | Reached skill level 3 in Axes
  2355 | D:4      | Noticed an ogre
  2355 | D:4      | Noticed cireshan's ghost (average DECj)
  2401 | D:4      | Found a glowing golden altar of the Shining One.
  2413 | D:4      | Reached XP level 5. HP: 42/42 MP: 5/5
  2825 | D:4      | Found a staircase to the Ecumenical Temple.
  2831 | Temple   | Entered the Ecumenical Temple
  2934 | Temple   | Became a worshipper of Gozag Ym Sagoz the Greedy
  3090 | D:4      | Reached skill level 4 in Axes
  3090 | D:4      | Reached XP level 6. HP: 49/49 MP: 6/6
  3913 | D:4      | Noticed Grinder
  3944 | D:3      | Reached skill level 5 in Fighting
  4130 | D:5      | Entered Level 5 of the Dungeon
  4757 | D:5      | HP: 15/51 [centaur (7)]
  4759 | D:5      | Reached skill level 5 in Axes
  4759 | D:5      | Reached XP level 7. HP: 17/56 MP: 3/7
  4786 | D:5      | HP: 16/56 [water moccasin zombie (2)]
  4791 | D:5      | HP: 16/56 [water moccasin zombie (1)]
  5183 | D:5      | HP: 17/57 [centaur/dagger (1)]
  5190 | D:5      | Reached skill level 6 in Fighting
  5510 | D:5      | Reached skill level 6 in Axes
  5534 | D:5      | Found a shimmering altar of Xom.
  5694 | D:5      | Reached XP level 8. HP: 60/65 MP: 6/8
  6443 | D:6      | Reached skill level 7 in Fighting
  6443 | D:6      | Reached skill level 7 in Axes
  6499 | D:6      | Found a sacrificial altar of Ru.
  6499 | D:6      | Found an ancient bone altar of Kikubaaqudgha.
  7091 | D:6      | Found an opulent altar of Gozag.
  7256 | D:7      | Found a shadowy altar of Dithmenos.
  7615 | D:7      | Reached skill level 8 in Axes
  7615 | D:7      | Reached XP level 9. HP: 46/73 MP: 7/9
  7620 | D:7      | HP: 17/73 [hog (7)]
  8048 | D:7      | Reached skill level 8 in Fighting
  8749 | D:8      | Got a dazzling mace
  8965 | D:8      | Found a bloodstained altar of Trog.
  9053 | D:8      | Reached skill level 9 in Axes
  9066 | D:8      | HP: 22/75 [killer bee (2)]
  9072 | D:8      | HP: 15/75 [killer bee (5)]
  9444 | D:8      | Identified the cursed +2 mace of Judgement {venom, +Rage rC+ Dex+3} (You found it on level 8 of the Dungeon)
  9884 | D:8      | Reached skill level 9 in Fighting
 10079 | D:9      | Found a shattered altar of Ashenzari.
 10158 | D:9      | Found a deep blue altar of Sif Muna.
 10181 | D:8      | Reached XP level 10. HP: 80/83 MP: 10/10
 10369 | D:9      | Noticed Maurice
 10390 | D:9      | Killed Maurice
 10390 | D:9      | Reached skill level 10 in Axes
 10430 | D:9      | Found a staircase to the Lair.
 10435 | D:9      | Noticed Erica
 10437 | D:9      | Noticed a death yak
 10486 | D:9      | Noticed a death yak
 10559 | D:8      | Killed Erica
 11002 | D:8      | HP: 18/85 [death yak (9)]
 11035 | D:8      | HP: 12/85 [death yak (14)]
 11094 | D:8      | Killed a death yak
 11502 | D:9      | HP: 17/85 [death yak (17)]
 11657 | D:8      | Reached skill level 4 in Armour
 11701 | D:8      | Reached skill level 11 in Axes
 11724 | D:8      | HP: 20/85 [wight/battleaxe (8)]
 11732 | D:8      | HP: 20/85 [giant frog (2)]
 11737 | D:8      | HP: 14/85 [something (2)]
 12195 | D:8      | HP: 21/85 [something (7)]
 12196 | D:8      | Killed an unseen horror
 12768 | D:8      | Killed a death yak
 12768 | D:8      | Reached XP level 11. HP: 62/90 MP: 9/11
 12906 | D:9      | Found a shattered altar of Ashenzari.
 13049 | D:9      | Noticed a frost giant
 13082 | D:8      | HP: 20/90 [ogre/giant club (21)]
 13100 | D:8      | HP: 20/90 [ogre/giant club (4)]
 13664 | D:10     | Entered Level 10 of the Dungeon
 14198 | D:10     | Got a glittering golden ring
 14199 | D:10     | Identified the ring of the Elephant {MR+ Str+6 Int-2 Dex+6} (You found it on level 10 of the Dungeon)
 14317 | D:10     | Reached skill level 5 in Armour
 14422 | D:10     | Found a staircase to the Orcish Mines.
 15196 | D:11     | Found Orriboh's Weapon Boutique.
 15241 | D:10     | Got a dazzling flail
 15242 | D:10     | Identified the +8 flail "Igagry" {flame, rC+ Dex+2 Stlth+} (You found it on level 10 of the Dungeon)
 15298 | D:11     | Found Potitog's General Store.
 15303 | D:11     | Noticed a hill giant
 15329 | D:11     | Killed a hill giant
 15329 | D:11     | Reached skill level 1 in Maces & Flails
 15380 | D:11     | Found Huohil's Armour Emporium.
 15562 | D:11     | Found Fihumuh's Distillery.
 15623 | D:11     | Reached skill level 2 in Maces & Flails
 15638 | D:11     | HP: 17/90 [cyclops/large rock (31)]
 15966 | D:9      | HP: 19/90 [frost giant/battleaxe of freezing (22)]
 15969 | D:9      | HP: 2/90 [frost giant/bolt of cold (15)]
 16396 | Lair:1   | Entered Level 1 of the Lair of Beasts
 16479 | Lair:1   | Noticed a four-headed hydra
 16500 | Lair:1   | Killed a four-headed hydra
 16500 | Lair:1   | Reached skill level 6 in Armour
 16916 | D:8      | HP: 17/90 [komodo dragon (12)]
 16948 | D:8      | HP: 15/90 [komodo dragon (10)]
 16950 | D:8      | Reached skill level 3 in Maces & Flails
 17707 | Lair:2   | Noticed Nergalle
 17709 | Lair:2   | Noticed a spectral orc warlord
 17920 | Lair:2   | Reached skill level 4 in Maces & Flails
 18341 | Lair:1   | Reached skill level 7 in Armour
 18657 | Lair:2   | Noticed Sonja
 19000 | Lair:2   | Killed Nergalle
 19000 | Lair:2   | Reached skill level 5 in Maces & Flails
 19000 | Lair:2   | Reached XP level 12. HP: 73/97 MP: 8/12
 19220 | Lair:2   | Killed Sonja
 19517 | Lair:2   | Reached skill level 8 in Armour
 19522 | Lair:2   | Reached skill level 6 in Maces & Flails
 19554 | Lair:3   | Found a dark tunnel.
 19622 | Volcano  | Entered a volcano
 21273 | Lair:4   | Reached skill level 7 in Maces & Flails
 21298 | Lair:4   | Noticed Urug
 21333 | Lair:4   | Killed Urug
 21596 | Lair:4   | Reached skill level 9 in Armour
 21837 | Lair:4   | Found a runed door.
 22318 | Lair:4   | Reached skill level 8 in Maces & Flails
 22468 | Lair:4   | Noticed a five-headed hydra
 22484 | Lair:4   | Killed a five-headed hydra
 22495 | Lair:4   | Identified Xoank's Catalogue of Scorching Conjuration
 22682 | Lair:5   | Gained mutation: You are in touch with the powers of death. [Mummy growth]
 22682 | Lair:5   | Gained mutation: You can restore your body by infusing magical energy. [Mummy growth]
 22682 | Lair:5   | Reached XP level 13. HP: 78/103 MP: 9/13
 22895 | Lair:5   | Noticed Josephine
 22908 | Lair:5   | Killed Josephine
 23015 | Lair:5   | Reached skill level 10 in Armour
 23035 | Lair:5   | Noticed a four-headed hydra
 23046 | Lair:5   | Killed a four-headed hydra
 23235 | Lair:5   | Got an ichor-stained scimitar
 23236 | Lair:5   | Identified the +8 scimitar of Responsibility {speed, rC- Dex+10 SInv} (You found it on level 5 of the Lair of Beasts)
 23629 | Lair:5   | Found a hole to the Spider Nest.
 24056 | Lair:6   | Reached skill level 9 in Maces & Flails
 24601 | Lair:6   | HP: 27/103 [boulder beetle (24)]
 25580 | Lair:6   | Found a staircase to the Swamp.
 25958 | Lair:7   | Found a staircase to the Slime Pits.
 26313 | Lair:7   | Reached skill level 11 in Armour
 26591 | Lair:7   | Reached skill level 10 in Maces & Flails
 26822 | Lair:7   | HP: 28/103 [sheep[a torpor snail] (5)]
 27497 | Lair:8   | Entered Level 8 of the Lair of Beasts
 27810 | Lair:8   | Reached XP level 14. HP: 91/109 MP: 11/14
 27829 | Lair:8   | HP: 19/109 [raiju/living lightning (20)]
 27830 | Lair:8   | HP: 9/109 [raiju/living lightning (10)]
 29083 | Lair:8   | Reached skill level 11 in Maces & Flails
 29169 | Lair:8   | Reached skill level 12 in Armour
 29464 | Lair:7   | HP: 21/109 [catoblepas (21)]
 29483 | Lair:7   | HP: 21/109 [catoblepas/blast of calcifying dust (4)]
 29489 | Lair:7   | HP: 20/109 [something/blast of calcifying dust (3)]
 29898 | Lair:8   | Got a jewelled mace
 30457 | Lair:7   | HP: 24/109 [death yak (9)]
 30517 | Lair:7   | HP: 32/109 [yak (8)]
 31076 | Lair:8   | Got a twisted robe
 31510 | Lair:1   | Identified the +7 mace of Kouliheu {freeze, Int+7} (You found it on level 8 of the Lair of Beasts)
 31525 | Lair:1   | Identified the cursed +0 robe "Mosiw" {-Cast Str+7 Dex+4 SInv} (You found it on level 8 of the Lair of Beasts)
 31559 | D:9      | Killed a frost giant
 32062 | D:4      | Killed Grinder
 32100 | D:4      | Killed cireshan's ghost
 32631 | D:9      | Noticed an ice statue
 32654 | D:9      | Killed an ice statue
 33101 | D:9      | Noticed an ice dragon
 33119 | D:9      | Killed an ice dragon
 33414 | D:9      | Noticed a frost giant
 33437 | D:9      | HP: 29/109 [frost giant/bolt of cold (9)]
 33438 | D:9      | HP: 12/109 [frost giant/bolt of cold (17)]
 33833 | D:9      | HP: 13/109 [frost giant/battleaxe of freezing (21)]
 33837 | D:9      | HP: 1/109 [frost giant/battleaxe of freezing (10)]
 34243 | D:9      | Reached skill level 12 in Maces & Flails
 34255 | D:9      | Killed a frost giant
 34560 | Orc:1    | Entered Level 1 of the Orcish Mines
 35416 | Orc:2    | Noticed Erolcha
 35430 | Orc:2    | Killed Erolcha
 35457 | Orc:2    | Found a roughly hewn altar of Beogh.
 35609 | Orc:2    | Found Qaunu's Antique Armour Emporium.
 35934 | Orc:3    | Found a staircase to the Elven Halls.
 35936 | Orc:3    | Found a roughly hewn altar of Beogh.
 35945 | Orc:3    | Found a flagged portal.
 36061 | Bailey   | Entered a bailey
 36329 | Bailey   | Got a fine leather armour
 36330 | Bailey   | Identified the +1 leather armour of Shadows and Fog {+Inv rF- MR+ Stlth-} (You found it in a bailey)
 36497 | Orc:3    | Reached skill level 13 in Armour
 36755 | Orc:3    | Found a bloodstained altar of Trog.
 37356 | D:11     | Reached skill level 1 in Dodging
 37436 | D:11     | Found Ihuzoisa's Gadget Boutique.
 37453 | D:11     | Bought a wand of magic darts (28) for 117 gold pieces
 37453 | D:11     | Bought a wand of draining (8) for 156 gold pieces
 37560 | D:11     | Reached XP level 15. HP: 102/115 MP: 15/15
 37654 | D:12     | Noticed Nessos
 37815 | D:12     | Found a portal to a secret trove of treasure.
 38341 | D:12     | Killed Nessos
 38482 | D:12     | Reached skill level 12 in Axes
 39418 | D:12     | Reached skill level 2 in Dodging
 39877 | D:13     | Found a labyrinth entrance.
 39896 | Lab      | Entered a labyrinth
 41659 | Lab      | Got a heavily runed zirconium amulet
 41666 | Lab      | Identified the amulet of Charity {Ward rC+ rN+ Int+2 Dex+6 Stlth-} (You found it in a labyrinth)
 41671 | Lab      | Identified a +3 rod of the swarm (9/9) (You found it in a labyrinth)
 41672 | Lab      | Identified a +1 rod of ignition (14/14) (You found it in a labyrinth)
 41822 | Lair:1   | Identified a scroll of acquirement
 41909 | D:13     | Found Erriotz's Armour Shoppe.
 41912 | D:13     | Bought a +0 cloak of magic resistance for 195 gold pieces
 41912 | D:13     | Bought a +1 pair of gloves of archery for 280 gold pieces
 41950 | D:13     | Bought the +2 hat of the Bear Spirit {Spirit, +Rage rN+ MR++} for 664 gold pieces
 42017 | D:13     | Found Uczodgh's Food Shoppe.
 42105 | D:13     | Noticed Azrael
 42111 | D:13     | Killed Azrael
 42402 | D:13     | HP: 34/115 [eight-headed hydra (1)]
 42421 | D:13     | HP: 28/115 [eight-headed hydra (5)]
 43076 | D:13     | Reached skill level 3 in Dodging
 43681 | D:13     | Found a gate to the Vaults.
 43852 | D:13     | Reached skill level 14 in Armour
 44284 | D:14     | Found Ficira Jouph's Weapon Boutique.
 44289 | D:14     | Bought 8 arrows of dispersal for 62 gold pieces
 44449 | Orc:4    | Entered Level 4 of the Orcish Mines
 44711 | Orc:4    | Reached skill level 4 in Dodging
 45253 | Orc:4    | Noticed Saint Roka
 45495 | Orc:4    | Killed Saint Roka
 45498 | Orc:4    | HP: 29/115 [orc warrior/morningstar[Saint Roka] (12)]
 45914 | Orc:4    | Found Cetrytau's Assorted Antiques.
 45999 | Orc:4    | Bought a large crystal amulet for 160 gold pieces
 45999 | Orc:4    | Bought a runed blowgun for 80 gold pieces
 45999 | Orc:4    | Bought a scroll labeled JAGUMP XOELAWN for 32 gold pieces
 45999 | Orc:4    | Bought a scroll of magic mapping for 112 gold pieces
 46064 | Orc:4    | Found a roughly hewn altar of Beogh.
 46398 | Orc:4    | Reached skill level 5 in Dodging
 46535 | Orc:4    | Found Heor's Book Shoppe.
 47067 | Orc:4    | Found a roughly hewn altar of Beogh.
 47081 | Orc:4    | Found Neuduut's Distillery.
 47094 | Orc:4    | Found Kalaucej's Armour Shoppe.
 47194 | Orc:4    | Reached XP level 16. HP: 58/122 MP: 6/16
 47736 | Orc:4    | Bought a +3 chain mail of fire resistance for 265 gold pieces
 48045 | D:14     | Noticed Agnes
 48066 | D:14     | HP: 35/122 [Agnes/lajatang (4)]
 48067 | D:14     | Killed Agnes
 48067 | D:14     | Reached skill level 15 in Armour
 48854 | D:14     | Reached skill level 6 in Dodging
 49120 | D:15     | Entered Level 15 of the Dungeon
 49150 | D:15     | Got a pair of dazzling gloves
 49161 | D:15     | Identified the -1 pair of gloves of the Camelopard {rPois rF+ MR- Dex-4} (You found it on level 15 of the Dungeon)
 49250 | D:15     | Reached skill level 10 in Fighting
 49455 | D:15     | Noticed Rupert
 49469 | D:15     | Killed Rupert
 49532 | D:15     | Found a staircase to the Depths.
 49550 | D:15     | Reached skill level 7 in Dodging
 49852 | D:15     | Found Nosioc's Assorted Antiques.
 50266 | Swamp:1  | Entered Level 1 of the Swamp
 50544 | Swamp:1  | Reached skill level 11 in Fighting
 51347 | Swamp:2  | Reached skill level 8 in Dodging
 53707 | Spider:1 | Entered Level 1 of the Spider Nest
 53970 | Spider:1 | Reached skill level 12 in Fighting
 54133 | Spider:1 | Reached skill level 9 in Dodging
 54133 | Spider:1 | Reached skill level 1 in Evocations
 54206 | Spider:1 | Reached XP level 17. HP: 96/133 MP: 15/18
 54413 | Spider:1 | Reached skill level 2 in Evocations
 54884 | Spider:2 | Reached skill level 3 in Evocations
 55760 | Spider:2 | Reached skill level 4 in Evocations
 56790 | Spider:2 | Reached skill level 10 in Dodging
 57092 | Spider:3 | Noticed Kirke
 57101 | Spider:3 | Killed Kirke
 57101 | Spider:3 | Reached skill level 5 in Evocations
 57363 | Spider:3 | HP: 39/133 [tarantella (11)]
 57365 | Spider:3 | HP: 19/133 [tarantella (10)]
 57366 | Spider:3 | HP: 8/133 [entropy weaver (7)]
 57367 | Spider:3 | Slain by an entropy weaver

Vault maps used:
D:1:      saegor_arrival_fortress
D:3:      fiery_altar_vehumet, first_bread
D:4:      nicolae_tso_besieged_by_evil, minmay_temple_entry_enclosed_plants,
          uniq_grinder
D:5:      tgw_xom, minmay_misc_feat_ornament
D:6:      kiku_gazebo_pond_becter, nicolae_overflow_crystal_walls,
          nicolae_gozag_cash_rules_everything_around_me
D:7:      lemuel_crystal_altar, grunt_livestock
D:8:      basic_altar
D:9:      minmay_twisted_water, kennysheep_mini, dpeg_lair_monsters,
          basic_altar, nicolae_ashenzari_panopticon, uniq_maurice, uniq_erica
D:11:     serial_shops, shop, nicolae_shop_behind_doors, shop, shop
D:12:     nicolae_trove_entry_crystal, serial_undead, serial_undead_f,
          serial_undead_a, serial_undead_c, serial_undead_d, uniq_nessos
D:13:     david_vaults_2, serial_shops, nicolae_shop_behind_doors,
          lab_entry_generic, minivault_8, uniq_azrael
D:14:     uniq_agnes
D:15:     gammafunk_depths_entry_grave, serial_bayou_pond_d, uniq_rupert
Temple:   circular_temple_12
Lair:1:   st_stairs_4, serial_bayou_pond_d
Lair:2:   lemuel_fruit_tree, uniq_nergalle, uniq_sonja
Lair:3:   nicolae_volcano_entry_two_sided
Lair:4:   pf_torpor_hydra, uniq_urug
Lair:5:   spider_nest_entry_webs, nicolae_quartered_pool_little,
          wad_woods_road_05, uniq_josephine
Lair:6:   wad_woods_tower, minmay_swamp_entry_worms
Lair:7:   minmay_slime_entry_jelly_boxes, grunt_megastairs_2
Lair:8:   hangedman_lair_caniforms_friends, serial_bayou_pond_b,
          nicolae_lair_yak_garden
Swamp:1:  evilmike_swamp_ruin_house_2
Swamp:2:  evilmike_swamp_ruin_rubble_2
Swamp:3:  evilmike_swamp_ruin_house_5
Spider:3: zaba_antful_of_joy, uniq_mara, uniq_norris, uniq_kirke
Orc:1:    guppyfry_library_mini
Orc:2:    serial_shops, shop, lemuel_statue_altar, uniq_erolcha
Orc:3:    basic_altar, enter_bailey_3, nicolae_orc_pool_cavern, trog_book
Orc:4:    pubby_orc_utopia, serial_shops
Lab:      nicolae_lab_swirl
Bailey:   bailey_axe_4, bailey
Volcano:  volcano_village

Action                   |  1- 3 |  4- 6 |  7- 9 | 10-12 | 13-15 | 16-18 || total
-------------------------+-------+-------+-------+-------+-------+-------++-------
Melee: Hand axe          |   126 |   281 |   409 |   304 |       |       ||  1120
       War axe           |       |       |    43 |    16 |       |       ||    59
       Short sword       |       |       |    38 |    94 |       |       ||   132
       Flail             |       |       |       |   462 |  1386 |    31 ||  1879
       Battleaxe         |       |       |       |       |   919 |   746 ||  1665
 Fire: Hunting sling     |       |    61 |    73 |       |       |       ||   134
       Shortbow          |       |       |    30 |   232 |   151 |       ||   413
       Blowgun           |       |       |       |       |     5 |     3 ||     8
       Longbow           |       |       |       |       |    86 |   189 ||   275
Throw: Throwing net      |       |       |     1 |       |       |       ||     1
       Stone             |       |       |       |     2 |       |       ||     2
       Javelin           |       |       |       |     1 |     7 |     2 ||    10
Invok: Potion Petition   |       |       |     1 |       |     3 |       ||     4
       Call Merchant     |       |       |       |     1 |     3 |     1 ||     5
 Abil: Evoke Flight      |       |       |       |       |    23 |     3 ||    26
       Stop Flying       |       |       |       |       |    12 |       ||    12
Evoke: Wand              |       |     2 |     3 |    13 |     9 |     3 ||    30
       Lamp of fire      |       |       |       |       |     2 |       ||     2
       Rod               |       |       |       |       |     2 |     1 ||     3
  Use: Scroll            |       |     9 |     6 |     9 |    17 |     2 ||    43
 Stab: Held in net/web   |       |       |     1 |       |       |       ||     1
       Distracted        |       |       |     1 |     5 |    26 |    10 ||    42

Table legend:
 A = Turns spent in this place as a percentage of turns spent in the entire game.
 B = Non-inter-level travel turns spent in this place as a percentage of non-inter-level travel turns spent in the entire game.
 C = Inter-level travel turns spent in this place as a percentage of turns spent in this place.
 D = Turns resting spent in this place as a percentage of non-inter-level travel turns spent in this place.
 E = Turns spent auto-exploring this place as a percentage of non-inter-level travel turns spent in this place.
 F = Non-inter-level travel turns spent in this place divided by the number of levels of this place that you've seen.
                   A       B       C       D       E      F
               +-------+-------+-------+-------+-------+----------------------
         Total | 100.0 | 100.0 |   0.5 |   2.5 |   2.6 | 624.1
       Dungeon |  41.7 |  41.7 |   0.7 |   3.1 |   3.0 | 641.3
        Temple |   0.1 |   0.1 |  13.3 |   0.0 |  69.2 |  13.0
          Lair |  23.9 |  23.9 |   0.5 |   2.7 |   2.7 | 690.5
         Swamp |   4.2 |   4.2 |   0.6 |   1.7 |   5.1 | 325.0
   Spider Nest |   5.7 |   5.7 |   0.4 |   2.1 |   5.0 | 435.7
  Orcish Mines |  14.2 |  14.2 |   0.4 |   1.5 |   1.2 | 821.8
     Labyrinth |   8.0 |   8.1 |   0.0 |   0.1 |   0.0 | 1868.0
        Bailey |   1.2 |   1.2 |   0.0 |   0.7 |   0.4 | 279.0
       Volcano |   1.0 |   1.0 |   0.0 |  11.8 |   0.0 | 221.0
               +-------+-------+-------+-------+-------+----------------------

Vault maps used:
D:1:      saegor_arrival_fortress
D:3:      fiery_altar_vehumet, first_bread
D:4:      nicolae_tso_besieged_by_evil, minmay_temple_entry_enclosed_plants,
          uniq_grinder
D:5:      tgw_xom, minmay_misc_feat_ornament
D:6:      kiku_gazebo_pond_becter, nicolae_overflow_crystal_walls,
          nicolae_gozag_cash_rules_everything_around_me
D:7:      lemuel_crystal_altar, grunt_livestock
D:8:      basic_altar
D:9:      minmay_twisted_water, kennysheep_mini, dpeg_lair_monsters,
          basic_altar, nicolae_ashenzari_panopticon, uniq_maurice, uniq_erica
D:11:     serial_shops, shop, nicolae_shop_behind_doors, shop, shop
D:12:     nicolae_trove_entry_crystal, serial_undead, serial_undead_f,
          serial_undead_a, serial_undead_c, serial_undead_d, uniq_nessos
D:13:     david_vaults_2, serial_shops, nicolae_shop_behind_doors,
          lab_entry_generic, minivault_8, uniq_azrael
D:14:     uniq_agnes
D:15:     gammafunk_depths_entry_grave, serial_bayou_pond_d, uniq_rupert
Temple:   circular_temple_12
Lair:1:   st_stairs_4, serial_bayou_pond_d
Lair:2:   lemuel_fruit_tree, uniq_nergalle, uniq_sonja
Lair:3:   nicolae_volcano_entry_two_sided
Lair:4:   pf_torpor_hydra, uniq_urug
Lair:5:   spider_nest_entry_webs, nicolae_quartered_pool_little,
          wad_woods_road_05, uniq_josephine
Lair:6:   wad_woods_tower, minmay_swamp_entry_worms
Lair:7:   minmay_slime_entry_jelly_boxes, grunt_megastairs_2
Lair:8:   hangedman_lair_caniforms_friends, serial_bayou_pond_b,
          nicolae_lair_yak_garden
Swamp:1:  evilmike_swamp_ruin_house_2
Swamp:2:  evilmike_swamp_ruin_rubble_2
Swamp:3:  evilmike_swamp_ruin_house_5
Spider:3: zaba_antful_of_joy, uniq_mara, uniq_norris, uniq_kirke
Orc:1:    guppyfry_library_mini
Orc:2:    serial_shops, shop, lemuel_statue_altar, uniq_erolcha
Orc:3:    basic_altar, enter_bailey_3, nicolae_orc_pool_cavern, trog_book
Orc:4:    pubby_orc_utopia, serial_shops
Lab:      nicolae_lab_swirl
Bailey:   bailey_axe_4, bailey
Volcano:  volcano_village
